 Dungeon Crawl Stone Soup version 0.28.0-43-g3370ac3207 (webtiles) character file.

Game seed: 17529532096294674900

172 Bearnado the Slasher (level 5, -1/47 HPs)
             Began as a Minotaur Berserker on Mar 24, 2022.
             Was a Believer of Trog.
             Slain by an orc priest
             ... wielding a +0 dagger
              (4 damage)
             ... on level 3 of the Dungeon.
             The game lasted 00:06:19 (2364 turns).

Bearnado the Slasher (Minotaur Berserker)           Turns: 2364, Time: 00:06:20

Health: -1/47      AC:  7    Str: 24    XL:     5   Next: 27%
Magic:  4/4        EV: 10    Int:  4    God:    Trog [**....]
Gold:   80         SH:  0    Dex:  9    Spells: 4/4 levels left

rFire   . . .      SeeInvis .   r - +0 hand axe
rCold   . . .      Faith    .   (no shield)
rNeg    . . .      Spirit   .   p - +0 scale mail
rPois   .          Reflect  .   (helmet restricted)
rElec   .          Harm     .   (no cloak)
rCorr   .          Rampage  .   (no gloves)
Will    .....                   (no boots)
Stlth   ..........              (no amulet)
HPRegen 0.15/turn               (no ring)
MPRegen 0.09/turn               (no ring)

@: confused
A: horns 2, retaliatory headbutt
a: Renounce Religion, Berserk, Trog's Hand


You were on level 3 of the Dungeon.
You worshipped Trog.
Trog was pleased with you.
You visited 1 branch of the dungeon, and saw 3 of its levels.

You collected 80 gold pieces.

Inventory:

Hand Weapons
 a - a +0 falchion
 r - a +0 hand axe (weapon)
Missiles
 f - 29 stones (quivered)
 l - 20 bolts
 n - 25 arrows
Armour
 b - a +0 animal skin
 d - a +0 ring mail
 p - a +0 scale mail (worn)
Jewellery
 i - a ring of magical power
Wands
 j - a wand of iceblast (10)
 o - a wand of flame (5)
Scrolls
 c - 2 scrolls of teleportation {unknown}
 g - a scroll of enchant armour {unknown}
 h - a scroll of fog {unknown}
 k - a scroll of amnesia {unknown}
Potions
 e - 4 potions of brilliance {unknown}
 m - a potion of lignification {unknown}
 q - a potion of magic {unknown}


   Skills:
 + Level 4.8 Fighting
 + Level 5.3 Long Blades
 + Level 3.9 Armour
 + Level 2.8 Dodging
 + Level 0.2 Stealth


You had 4 spell levels left.
You didn't know any spells.
Your spell library was empty.

Dungeon Overview and Level Annotations

Branches:
Dungeon (3/15)

Altars:
Vehumet
Zin


Innate Abilities, Weirdness & Mutations

You have a pair of horns on your head.
You reflexively headbutt those who attack you in melee.


Message History

The orc priest is healed somewhat.
You hear some strange, mumbled words.
Something tries to affect you, but you resist.
You slash the orc priest!
The orc priest is almost dead.
You barely miss the orc priest. You barely miss something.
The orc priest barely misses you.
The orc priest mumbles some strange prayers to Beogh against you.
Pain shoots through your body!
* * * LOW HITPOINT WARNING * * *
Something hits you but does no damage.
A quokka comes into view.
The orc priest hits you but does no damage.
You closely miss the orc priest.
The orc priest is almost dead.
You hit something. You hit the orc. You hit the orc priest.
You recover from your berserk rage.
The orc completely misses you. You furiously retaliate!
You headbutt the orc.
The orc priest splashes around in the water.
You hear some strange, mumbled words.
You are confused.
The orc priest calls upon Beogh to heal the orc priest.
The orc priest is healed somewhat.
The orc hits you but does no damage.
The orc priest looks satisfied for a moment.
Okay, then.
The orc closely misses you. Something hits you.
* * * LOW HITPOINT WARNING * * *
The orc priest barely misses you. The quokka bites you.
* * * LOW HITPOINT WARNING * * *
The orc misses you.
You hit the orc priest but do no damage.
Your punch misses the orc priest.
The orc priest is almost dead.
You miss the quokka. You completely miss something. You barely miss the orc.
The quokka bites you.
* * * LOW HITPOINT WARNING * * *
The orc hits you but does no damage. Something hits you but does no damage.
The quokka barely misses you.
The orc priest hits you with a +0 dagger.
You die...

.# #..###..#..#..
#...........##
####..###..#..... ##
#.............###
#.#
#.#########......
#.##..).....###..###
#.#..≈...≈.. #..#
##r{o....... #..#
#.@.o....... #..#
#.#.o........$#.##
....#..≈...≈..##.
#.##.#........# #.
#. #.#.########
..... #.### ..


You could see 2 orc priests, an orc and a quokka.

Vanquished Creatures
  Terence (D:3)
  Jessica (D:3)
  Ijyb (D:3)
  An adder (D:2)
  2 worms
  4 dart slugs (D:1)
  3 orcs (D:3)
  6 ball pythons
  6 bats
  3 endoplasms (D:1)
  2 giant cockroaches (D:1)
  6 goblins
  4 hobgoblins
  4 jackals (D:1)
  6 kobolds
  5 quokkas
  3 frilled lizards
  7 rats
65 creatures vanquished.

Notes
Turn   | Place    | Note
-------+----------+-------------------------------------------
     0 | D:1      | Bearnado the Minotaur Berserker began the quest for the
                  | Orb.
     0 | D:1      | Reached XP level 1. HP: 19/19 MP: 0/0
   192 | D:1      | Found a faded altar of an unknown god.
   199 | D:1      | Reached skill level 4 in Long Blades
   199 | D:1      | Reached XP level 2. HP: 15/27 MP: 1/1
   607 | D:1      | Reached XP level 3. HP: 32/33 MP: 2/2
   668 | D:1      | Reached ** piety under Trog
  1356 | D:2      | Reached XP level 4. HP: 36/41 MP: 3/3
  1554 | D:2      | Reached skill level 5 in Long Blades
  1771 | D:3      | Noticed Ijyb
  1783 | D:3      | Killed Ijyb
  2107 | D:3      | Found a radiant altar of Vehumet.
  2108 | D:3      | Found a glowing silver altar of Zin.
  2184 | D:3      | Noticed Terence
  2195 | D:3      | Killed Terence
  2196 | D:3      | Reached XP level 5. HP: 47/47 MP: 4/4
  2303 | D:3      | Noticed Jessica
  2307 | D:3      | Killed Jessica
  2364 | D:3      | Slain by an orc priest

Illustrated notes

Levels and vault maps discovered:
D:1:      lemuel_arrival_lava_pool, layout_basic,
          dreamdust_ecumenical_altar_statues
D:2:      layout_basic, minmay_puff
D:3:      cheibrodos_pilgrimage, layout_loops_cross,
          gammafunk_temple_overflow_pools, nemelex_dance_club_becter,
          minmay_curled_crystal, uniq_terence, uniq_jessica, uniq_ijyb,
          uniq_sigmund

Skill      XL: |  1  2  3  4 |
---------------+-------------+-----
Long Blades    | 4 5 |  5.3
Fighting       | 4 |  4.8
Armour         | 3 |  3.9
Dodging        | |  2.8
Stealth        | |  0.2

Action                   |  1- 3 |  4- 6 || total
-------------------------+-------+-------++-------
Melee: Falchion          |    81 |    39 ||   120
       Headbutt          |    13 |     8 ||    21
       Hand axe          |       |    10 ||    10
       Punch             |       |     1 ||     1
Invok: Berserk           |     1 |     3 ||     4
Armor: Ring mail         |    19 |     9 ||    28
       Animal skin       |     4 |       ||     4
       Scale mail        |       |    12 ||    12
Dodge: Dodged            |    45 |    28 ||    73
